 Dungeon Crawl Stone Soup version 0.28.0-1-gb440e238dd (webtiles) character file.

Game seed: 2280062260249781774

325 mortz the Conjurer (level 6, -6/44 HPs)
             Began as a Gnoll Conjurer on Feb 26, 2022.
             Killed by divine providence
             ... invoked by an orc priest
              (12 damage)
             ... on level 3 of the Dungeon.
             The game lasted 00:10:06 (2399 turns).

mortz the Conjurer (Gnoll Conjurer)                 Turns: 2399, Time: 00:10:06

Health: -6/44      AC:  4    Str:  6    XL:     6   Next: 48%
Magic:  13/14      EV: 13    Int: 20    God:
Gold:   42         SH:  5    Dex: 10    Spells: 12/15 levels left

rFire   + . .      SeeInvis .   f - +0 short sword {short}
rCold   + . .      Faith    .   (no shield)
rNeg    . . .      Spirit   .   h - +1 robe {rC+ rF+}
rPois   +          Reflect  +   (no helmet)
rElec   .          Harm     .   u - +0 cloak
rCorr   .          Rampage  .   (no gloves)
Will    .....                   (no boots)
Stlth   ++........              r - amulet of reflection
HPRegen 0.14/turn               i - ring of poison resistance
MPRegen 0.14/turn               (no ring)

@: no status effects
A: fangs 1, strong nose, distributed training
a: no special abilities


You were on level 3 of the Dungeon.
You visited 1 branch of the dungeon, and saw 3 of its levels.

You collected 42 gold pieces.


Innate Abilities, Weirdness & Mutations

You have very sharp teeth.
Your uncanny sense of smell can sniff out nearby items.
Your experience applies equally to all skills.


   Skills:
 + Level 2.0 Fighting
 + Level 2.0 Short Blades
 + Level 2.0 Long Blades
 + Level 2.0 Axes
 + Level 2.0 Maces & Flails
 + Level 2.0 Polearms
 + Level 2.0 Staves
 + Level 2.0 Slings
 + Level 2.0 Bows
 + Level 2.0 Crossbows
 + Level 2.0 Throwing
 + Level 2.0 Armour
 + Level 5.0 Dodging
 + Level 4.6 Stealth
 + Level 2.0 Shields
 + Level 2.0 Unarmed Combat
 + Level 5.4 Spellcasting
 + Level 7.3 Conjurations
 + Level 1.5 Hexes
 + Level 1.5 Summonings
 + Level 1.5 Necromancy
 + Level 1.5 Translocations
 + Level 1.5 Transmutations
 + Level 1.5 Fire Magic
 + Level 1.5 Ice Magic
 + Level 1.5 Air Magic
 + Level 1.5 Earth Magic
 + Level 1.5 Poison Magic
 + Level 2.2 Invocations
 + Level 2.0 Evocations


You had 12 spell levels left.
You knew the following spells:

 Your Spells              Type           Power      Damage    Failure   Level
a - Magic Dart            Conj           100%       1d8       1%          1
b - Searing Ray           Conj           68%        2d6       1%          2

Your spell library contained the following spells:

 Spells                   Type           Power      Damage    Failure   Level
 Dazzling Flash           Conj/Hex       46%        N/A       5%          3
 Fulminant Prism          Conj/Hex       11%        3d9       19%         4
 Iskenderun's Mystic Bla  Conj/Tloc      23%        2d6       19%         4
 Olgreb's Toxic Radiance  Pois           11%        N/A       50%         4
 Ozocubu's Refrigeration  Ice            5%         4d6       100%        7
 Ignition                 Fire           5%         3d4       100%        8

Inventory:

Hand Weapons
 b - a +0 dagger {short}
   (You took it off a goblin on level 2 of the Dungeon)
 c - a +0 hunting sling {sling}
   (You took it off a goblin on level 2 of the Dungeon)
 f - a +0 short sword (weapon) {short}
   (You took it off a kobold on level 2 of the Dungeon)
 m - a +0 mace {mace}
   (You found it on level 1 of the Dungeon)
 n - a +0 spear {polearm}
   (You found it on level 1 of the Dungeon)
Missiles
 d - 54 sling bullets
 e - 144 stones {throwing}
 t - 17 arrows
 v - 7 poisoned darts {throwing}
Armour
 a - a +0 robe
 h - a +1 robe of resistance (worn)
   (You found it on level 2 of the Dungeon)
 u - a +0 cloak (worn)
   (You found it on level 2 of the Dungeon)
Jewellery
 i - a ring of poison resistance (left hand)
   (You found it on level 2 of the Dungeon)
 r - an amulet of reflection (around neck)
   (You found it on level 1 of the Dungeon)
Scrolls
 j - a scroll of enchant armour {unknown}
 k - a scroll of immolation {unknown}
 l - a scroll of identify {unknown}
 o - 4 scrolls of teleportation {unknown}
 q - a scroll of amnesia {unknown}
 s - a scroll of acquirement {unknown}
Potions
 g - a potion of lignification {unknown}
 p - a potion of attraction {unknown}

Dungeon Overview and Level Annotations

Branches:
Dungeon (3/15)

Altars:

Shops:
D:2

*
######
#.#
#o#
#.#
#.#
#.#
#.#
#.#
#.#
#@#
#.#
#<#
###


You could see an orc priest.


Message History

Press: ? - help, Q - select action, (/) - cycle Shift-Dir - straight line, f/p - endoplasm
Aim: an endoplasm (almost dead, 100% to hit)
The magic dart hits the endoplasm.
You kill the endoplasm! 😎 MP[-1]
You lost 1 mp, and now have 10/14 mp.
You start resting. 😎 MP[+4]
Your mp is fully restored (14).
An orc comes into view. It is wielding a +0 hand axe.
The orc shouts!
You hear a shout!
Aiming: Magic Dart (safe; 1% risk of failure)
Press: ? - help, Q - select action, (/) - cycle Shift-Dir - straight line, f - orc
Aim: an orc, wielding a +0 hand axe and wearing a +0 leather armour (100% to hit)
The magic dart hits the orc. 😎 MP[-1]
You lost 1 mp, and now have 13/14 mp.
Aiming: Magic Dart (safe; 1% risk of failure)
Press: ? - help, Q - select action, (/) - cycle Shift-Dir - straight line, f/p - orc
Aim: an orc, wielding a +0 hand axe and wearing a +0 leather armour (severely wounded, 100% to hit)
The magic dart hits the orc.
You kill the orc! 😎 MP[-1]
You lost 1 mp, and now have 12/14 mp.
An orc priest comes into view. It is wielding a +0 falchion.
The orc priest invokes the aid of Beogh against you.
Beogh smites you! 😮 HP[-14]
You take 14 damage, and now have 30/44 hp.
MASSIVE DAMAGE!! (PAUSE)
Casting: Magic Dart (safe; 1% risk of failure)
Confirm with . or Enter, or press ? or * to list all spells.
Aiming: Searing Ray (safe; 1% risk of failure)
Press: ? - help, Shift-Dir - straight line, f - orc priest
Aim: an orc priest, wielding a +0 falchion and wearing a +0 ring mail (83% to hit)
The searing ray hits the orc priest but does no damage. (Press . to maintain the ray.) 😮 MP[-2]
You lost 2 mp, and now have 10/14 mp.
The searing ray hits the orc priest.
An orc comes into view. It is wielding a +0 flail. 😮 HP[+1]
The searing ray hits the orc priest!
The orc priest mumbles some strange prayers to Beogh against you.
Beogh smites you!
* * * LOW HITPOINT WARNING * * *
You hear a shout! 😨 HP[-16] MP[-1]
You take 16 damage, and now have 15/44 hp.
MASSIVE DAMAGE!! (PAUSE)
You lost 1 mp, and now have 9/14 mp.
The searing ray hits the orc priest.
You kill the orc priest!
The searing ray hits the orc!
You kill the orc!
You finish channelling your searing ray.
An orc priest comes into view. It is wielding a +0 hand axe.
Your Fighting skill increases to level 2!
Your Short Blades skill increases to level 2!
Your Long Blades skill increases to level 2!
Your Axes skill increases to level 2!
Your Maces & Flails skill increases to level 2!
Your Polearms skill increases to level 2!
Your Staves skill increases to level 2!
Your Slings skill increases to level 2!
Your Bows skill increases to level 2!
Your Crossbows skill increases to level 2!
Your Throwing skill increases to level 2!
Your Armour skill increases to level 2!
Your Shields skill increases to level 2!
Your Unarmed Combat skill increases to level 2!
Your Evocations skill increases to level 2! 😨 MP[-1]
You lost 1 mp, and now have 8/14 mp.
An orc wizard comes into view. It is wielding a +0 dagger.
The orc priest miscasts a cantrip. 😨 HP[+1] MP[+1]
The orc priest invokes the aid of Beogh against you.
Pain shoots through your body!
* * * LOW HITPOINT WARNING * * *
The orc wizard gestures wildly while chanting.
The orc wizard flickers and vanishes!
Deactivating autopickup; reactivate with Ctrl-A. 😱 HP[-7]
You take 7 damage, and now have 9/44 hp.
The orc priest casts a cantrip, but nothing happens.
A magic dart appears from out of thin air!
The magic dart hits you!
* * * LOW HITPOINT WARNING * * *
😱 HP[-7]
You take 7 damage, and now have 2/44 hp. 😱 HP[+1] MP[+1]
Things that are here:
a +0 club {mace}; a kobold skeleton 😱 HP[+1] MP[+1] 😱 HP[+1] MP[+1] 😱 MP[+1] 😱 HP[+1]
The orc priest invokes the aid of Beogh against you.
Beogh smites you!
You die...

Skill      XL: |  1  2  3  4  5  6 |
---------------+-------------------+-----
Spellcasting   | 5 |  5.4
Invocations    | 1 2 |  2.2
Fighting       | 1 2 |  2.0
Short Blades   | 1 2 |  2.0
Long Blades    | 1 2 |  2.0
Axes           | 1 2 |  2.0
Maces & Flails | 1 2 |  2.0
Polearms       | 1 2 |  2.0
Staves         | 1 2 |  2.0
Slings         | 1 2 |  2.0
Bows           | 1 2 |  2.0
Crossbows      | 1 2 |  2.0
Throwing       | 1 2 |  2.0
Armour         | 1 2 |  2.0
Shields        | 1 2 |  2.0
Unarmed Combat | 1 2 |  2.0
Evocations     | 1 2 |  2.0
Hexes          | 1 |  1.5
Summonings     | 1 |  1.5
Necromancy     | 1 |  1.5
Translocations | 1 |  1.5
Transmutations | 1 |  1.5
Fire Magic     | 1 |  1.5
Ice Magic      | 1 |  1.5
Air Magic      | 1 |  1.5
Earth Magic    | 1 |  1.5
Poison Magic   | 1 |  1.5
Dodging        | 5 |  5.0
Stealth        | |  4.6
Conjurations   | |  7.3

Action                   |  1- 3 |  4- 6 || total
-------------------------+-------+-------++-------
 Cast: Magic Dart        |    50 |    11 ||    61
       Searing Ray       |     7 |     9 ||    16
Armor: Robe              |       |     1 ||     1
Dodge: Dodged            |     2 |     1 ||     3
Block: Other             |     1 |     1 ||     2

Levels and vault maps discovered:
D:1:      dpeg_arrival_castle, layout_loops_ring, minmay_tromino_v4_b
D:2:      layout_basic, serial_shops, nicolae_shop_hallway_plus, nrook_campfire,
          st_stairs_12, serial_bayou_pond_e, roderic_roman_lattice
D:3:      layout_basic, basic_ecumenical_altar, minmay_surrounded, uniq_grinder

Notes
Turn   | Place    | Note
-------+----------+-------------------------------------------
     0 | D:1      | mortz the Gnoll Conjurer began the quest for the Orb.
     0 | D:1      | Reached XP level 1. HP: 13/13 MP: 6/6
     0 | D:1      | magus.rc [v1.9.6]
     5 | D:1      | You fall into a shaft and drop 1 floor!
    52 | D:2      | Found Ivvueng's Assorted Antiques.
   101 | D:2      | Reached XP level 2. HP: 20/20 MP: 1/7
   187 | D:2      | You add the spells Olgreb's Toxic Radiance, Ozocubu's
                  | Refrigeration and Ignition to your library.
   191 | D:2      | Learned a level 2 spell: Searing Ray
   352 | D:1      | Reached XP level 3. HP: 25/25 MP: 6/9
   421 | D:1      | Reached skill level 5 in Spellcasting
   709 | D:1      | Reached skill level 1 in Invocations
  1238 | D:2      | Reached skill level 1 in Fighting
  1238 | D:2      | Reached skill level 1 in Short Blades
  1238 | D:2      | Reached skill level 1 in Long Blades
  1238 | D:2      | Reached skill level 1 in Axes
  1238 | D:2      | Reached skill level 1 in Maces & Flails
  1238 | D:2      | Reached skill level 1 in Polearms
  1238 | D:2      | Reached skill level 1 in Staves
  1238 | D:2      | Reached skill level 1 in Slings
  1238 | D:2      | Reached skill level 1 in Bows
  1238 | D:2      | Reached skill level 1 in Crossbows
  1238 | D:2      | Reached skill level 1 in Throwing
  1238 | D:2      | Reached skill level 1 in Armour
  1238 | D:2      | Reached skill level 1 in Shields
  1238 | D:2      | Reached skill level 1 in Unarmed Combat
  1238 | D:2      | Reached skill level 1 in Evocations
  1484 | D:2      | Reached XP level 4. HP: 32/32 MP: 6/11
  1964 | D:3      | Reached skill level 1 in Hexes
  1964 | D:3      | Reached skill level 1 in Summonings
  1964 | D:3      | Reached skill level 1 in Necromancy
  1964 | D:3      | Reached skill level 1 in Translocations
  1964 | D:3      | Reached skill level 1 in Transmutations
  1964 | D:3      | Reached skill level 1 in Fire Magic
  1964 | D:3      | Reached skill level 1 in Ice Magic
  1964 | D:3      | Reached skill level 1 in Air Magic
  1964 | D:3      | Reached skill level 1 in Earth Magic
  1964 | D:3      | Reached skill level 1 in Poison Magic
  2026 | D:3      | Noticed Grinder
  2035 | D:3      | Paralysed by Grinder for 4 turns
  2047 | D:3      | Paralysed by Grinder for 4 turns
  2050 | D:3      | HP: 5/32 [Grinder (6)]
  2053 | D:3      | Killed Grinder
  2054 | D:3      | Reached skill level 5 in Dodging
  2054 | D:3      | Reached skill level 2 in Invocations
  2054 | D:3      | Reached XP level 5. HP: 7/38 MP: 0/12
  2054 | D:3      | Reached XP level 6. HP: 8/44 MP: 0/14
  2361 | D:3      | Reached skill level 2 in Fighting
  2361 | D:3      | Reached skill level 2 in Short Blades
  2361 | D:3      | Reached skill level 2 in Long Blades
  2361 | D:3      | Reached skill level 2 in Axes
  2361 | D:3      | Reached skill level 2 in Maces & Flails
  2361 | D:3      | Reached skill level 2 in Polearms
  2361 | D:3      | Reached skill level 2 in Staves
  2361 | D:3      | Reached skill level 2 in Slings
  2361 | D:3      | Reached skill level 2 in Bows
  2361 | D:3      | Reached skill level 2 in Crossbows
  2361 | D:3      | Reached skill level 2 in Throwing
  2361 | D:3      | Reached skill level 2 in Armour
  2361 | D:3      | Reached skill level 2 in Shields
  2361 | D:3      | Reached skill level 2 in Unarmed Combat
  2361 | D:3      | Reached skill level 2 in Evocations
  2366 | D:3      | HP: 9/44 [orc priest/nerve-wracking pain (7)]
  2371 | D:3      | HP: 2/44 [something/magic dart (7)]
  2399 | D:3      | Killed from afar by an orc priest

Vanquished Creatures
  Grinder (D:3)
  An orc priest (D:3)
  An iguana (D:2)
  2 adders
  2 dart slugs
  2 orcs (D:3)
  2 ball pythons
  8 bats
  2 endoplasms
  3 giant cockroaches
  3 hobgoblins
  6 kobolds
  4 quokkas
  3 frilled lizards
  7 goblins
  6 rats
53 creatures vanquished.

Table legend:
 A = Non-vault XP
 B = Vault XP
 C = Vault XP percentage of total XP
 D = Non-vault monster count
 E = Vault monster count
 F = Vault count percentage of total count
                 A         B        C        D         E       F
            +---------+---------+-------+---------+---------+-------
      Total |     182 |     283 |  60.9 |      48 |       5 |   9.4
            +---------+---------+-------+---------+---------+-------
        D:1 |      34 |       3 |   8.1 |      19 |       2 |   9.5
        D:2 |      84 |       3 |   3.4 |      22 |       2 |   8.3
        D:3 |      64 |     277 |  81.2 |       7 |       1 |  12.5
            +---------+---------+-------+---------+---------+-------

Illustrated notes

Table legend:
 A = Kills in this place as a percentage of kills in entire the game.
 B = Kills by you in this place as a percentage of kills by you in the entire game.
 C = Kills by friends in this place as a percentage of kills by friends in the entire game.
 D = Other kills in this place as a percentage of other kills in the entire game.
 E = Experience gained in this place as a percentage of experience gained in the entire game.
 F = Experience gained in this place divided by the number of levels of this place that you have seen.
                   A       B       C       D       E      F
               +-------+-------+-------+-------+-------+----------------------
         Total | 100.0 | 100.0 |   N/A |   N/A | 100.0 | 155.0
       Dungeon | 100.0 | 100.0 |   N/A |   N/A | 100.0 | 155.0
               +-------+-------+-------+-------+-------+----------------------

Table legend: (Time is in decaauts)
 A = Elapsed time spent in this place.
 B = Non-inter-level travel time spent in this place.
 C = Inter-level travel time spent in this place.
 D = Time resting spent in this place.
 E = Time spent auto-exploring this place.
 F = Levels seen in this place.
 G = Mean time per level.
                   A        B        C        D        E       F      G
               +--------+--------+--------+--------+--------+-----+--------+
         Total |   2401 |   2343 |     58 |    470 |   1515 |   3 |  800.3 |
       Dungeon |   2401 |   2343 |     58 |    470 |   1515 |   3 |  800.3 |
               +--------+--------+--------+--------+--------+-----+--------+

Top non-repeatable levels by time:
     D:2: 1010 daAuts
     D:1: 942 daAuts
     D:3: 448 daAuts
